 Dungeon Crawl Stone Soup version 0.23.2-33-g5129a83184 (webtiles) character file.

Game seed: 11787388703688910422

7388 Folque the Thaumaturge (level 10, -4/71 HPs)
             Began as a Pale Draconian Ice Elementalist on July 6, 2019.
             Was a Believer of Vehumet.
             Slain by a skeletal warrior
             ... wielding a +0 scimitar
             ... led by a skeletal warrior
              (13 damage)
             ... on level 12 of the Dungeon.
             The game lasted 00:44:54 (11406 turns).

Folque the Thaumaturge (DrIE)                      Turns: 11406, Time: 00:44:55

Health: -4/71      AC: 14    Str: 10    XL:     10   Next: 92%
Magic:  2/31       EV: 15    Int: 19    God:    Vehumet [**....]
Gold:   528        SH:  0    Dex: 12    Spells: 3/25 levels left

rFire    . . .     SeeInvis .   m - +0 dagger (elec)
rCold    . . .     Gourm    .   (no shield)
rNeg     . . .     Faith    .   (armour unavailable)
rPois    .         Spirit   .   (helmet restricted)
rElec    .         Reflect  .   B - +0 cloak
rCorr    .         Harm     .   (no gloves)
MR       .....                  (no boots)
Stlth    ++........             (no amulet)
HPRegen  0.21/turn              (no ring)
MPRegen  0.22/turn              F - ring of magical power

@: icy armour, very slightly contaminated
A: breathe steam, unfitting armour, cold-blooded, AC +7
a: Breathe Steam, Renounce Religion


You were on level 12 of the Dungeon.
You worshipped Vehumet.
Vehumet was pleased with you.
You were not hungry.

You visited 2 branches of the dungeon, and saw 11 of its levels.

You collected 528 gold pieces.

Inventory:

Hand Weapons
 a - a +0 short sword
 m - a +0 dagger of electrocution (weapon)
Missiles
 e - 14 poisoned needles
Armour
 B - a +0 cloak (worn)
Jewellery
 h - an uncursed ring of see invisible
 k - an uncursed ring of stealth
 o - an uncursed ring of attention
 p - an uncursed amulet of harm
 y - a ring of the Octopus King {Wiz AC+1 EV+1 Str+1 Int+1 Dex+1, unknown}
   (You found it on level 7 of the Dungeon)

   [ring of wizardry]

   It improves your spell success rate.
   It affects your AC (+1).
   It affects your evasion (+1).
   It affects your strength (+1).
   It affects your intelligence (+1).
   It affects your dexterity (+1).
 E - a +5 ring of protection
 F - a ring of magical power (right hand)
 H - the brooch of Shielding {Reflect SH+8}
   (You found it on level 7 of the Dungeon)

   [amulet of reflection]

   It shields you and reflects attacks.
   It affects your SH (+8).
 I - an uncursed amulet of regeneration {unknown}
 K - a cursed amulet of inaccuracy {unknown}
Wands
 r - a wand of flame (6)
 A - a wand of paralysis (24)
 J - a wand of clouds (4)
Scrolls
 d - 3 scrolls of amnesia {unknown}
 l - 6 scrolls of remove curse
 n - 4 scrolls of enchant weapon {unknown}
 q - a scroll of fear {unknown}
 s - a scroll of enchant armour {unknown}
 u - 4 scrolls of identify
 v - 4 scrolls of magic mapping {unknown}
 D - 2 scrolls of silence {unknown}
 G - a scroll of random uselessness {unknown}
 L - 2 scrolls of fog {unknown}
 M - a scroll of acquirement {unknown}
Potions
 c - 2 potions of agility {unknown}
 f - 2 potions of mutation
 g - a potion of ambrosia {unknown}
 i - a potion of berserk rage {unknown}
 t - 3 potions of lignification
 w - a potion of haste
 x - 5 potions of flight
 z - a potion of brilliance
 C - a potion of resistance
 N - 2 potions of might {unknown}
Comestibles
 b - 25 rations


   Skills:
 - Level 1.0 Fighting
 - Level 6.2 Dodging
 - Level 1.7 Stealth
 + Level 8.1 Spellcasting
 - Level 6.1 Conjurations
 - Level 6.0 Summonings
 + Level 7.8 Fire Magic
 - Level 7.1 Ice Magic


You had 3 spell levels left.
You knew the following spells:

 Your Spells              Type           Power        Failure   Level  Hunger
a - Freeze                Ice            ####         1%          1    None
b - Throw Frost           Conj/Ice       ####..       1%          2    None
c - Ozocubu's Armour      Chrm/Ice       ###.....     6%          3    None
d - Summon Ice Beast      Ice/Summ       ####....     6%          4    ###....
e - Throw Icicle          Conj/Ice       ####....     6%          4    ###....
f - Fireball              Conj/Fire      ####......   14%         5    #####..
g - Conjure Flame         Conj/Fire      ####....     1%          3    None

Your spell library contained the following spells:

 Spells                   Type           Power        Failure   Level  Hunger
 Mephitic Cloud           Conj/Pois/Air  ###.....     12%         3    None
 Flame Tongue             Conj/Fire      ####.        1%          1    None
 Throw Flame              Conj/Fire      ####..       1%          2    None
 Inner Flame              Hex/Fire       ###.....     5%          3    None
 Beastly Appendage        Tmut           #.....       9%          1    None
 Sticks to Snakes         Tmut           #.......     14%         2    None
 Spider Form              Tmut/Pois      #.........   26%         3    None
 Sticky Flame             Conj/Fire      ####....     4%          4    ###....
 Ice Form                 Ice/Tmut       ###.....     22%         4    ###....
 Blade Hands              Tmut           #.........   94%         5    #####..


Dungeon Overview and Level Annotations

Branches:
Dungeon (9/15)             Temple (1/1) D:6            Lair (0/6) D:9
    Orc: D:9-12

Altars:
Cheibriados
Dithmenos
Elyvilon
Gozag
Hepliaklqana
Makhleb
Nemelex Xobeh
Okawaru
Ru
Trog
Uskayaw
Vehumet
Wu Jian
Xom
Yredelemnul
Zin
The Shining One

Shops:
D:5 (   D:8 %

Annotations:
D:5 2 transporters, Hycrow's ghost, amateur MiBe


Innate Abilities, Weirdness & Mutations

You can breathe blasts of scalding, opaque steam.
Your pale cyan-grey scales are hard. (AC +7)
You cannot fit into any form of body armour.
You are cold-blooded and may be slowed by cold attacks.


Message History

The skeletal warrior hits you with a +0 scimitar!
The skeletal warrior barely misses you.
You closely miss the skeletal warrior.
The skeletal warrior is heavily damaged.
The skeletal warrior barely misses you. The skeletal warrior misses you.
You closely miss the skeletal warrior.
The skeletal warrior is heavily damaged.
Your surroundings seem slightly different.
The skeletal warrior hits you with a +0 scimitar!
Casting: Ozocubu's Armour (safe; 6% risk of failure)
Confirm with . or Enter, or press ? or * to list all spells.
Aiming: Freeze (safe; 1% risk of failure)
Press: ? - help, Shift-Dir - straight line, f/p - skeletal warrior
Aim: a skeletal warrior, wielding a +0 scimitar (heavily damaged)
The skeletal warrior resists.
You freeze the skeletal warrior.
The skeletal warrior is heavily damaged.
The skeletal warrior hits you with a +0 scimitar!!
* * * LOW HITPOINT WARNING * * *
The skeletal warrior hits you with a +0 scimitar!
You die...

#....... #....##
#....... #.....#
#....... #.....#
#....... #.....#
#....... #.....##
†....... ####...#
#....... #...##
#....... #zz..#
######### #@...#
......... #.####
......... #.#
......... #.#
......... #.#
################.#
..z......#
........[#
.........#


You could see 2 skeletal warriors.

Vanquished Creatures
  A hydra (D:12)
  An ugly thing (D:12)
  A centaur zombie (D:8)
  A troll (D:12)
  Prince Ribbit (D:6)
  2 hippogriffs
  Sigmund (D:4)
  A yak (D:9)
  A steam dragon (D:8)
  An acid dragon (D:12)
  Duvessa (D:4)
  5 orc warriors
  A black bear (D:6)
  A sky beast (D:2)
  A necrophage (D:8)
  2 phantoms
  2 centaurs
  5 ogres
  2 bullfrogs
  2 scorpions
  23 killer bees
  2 howler monkeys
  2 crimson imps
  A hound (D:8)
  5 orc priests
  2 quasits
  2 bullfrog skeletons
  Crazy Yiuf (D:4)
  A centaur skeleton (D:4)
  A jelly (D:6)
  9 orc wizards
  3 iguanas
  4 worker ants
  A howler monkey skeleton (D:8)
  11 adders
  4 gnolls (D:8)
  2 shadow imps
  An ooze (D:3)
  An adder zombie (D:5)
  4 worms
  2 dart slugs
  5 leopard geckos
  27 orcs
  9 bats
  6 giant cockroaches
  16 goblins
  6 hobgoblins
  31 jackals
  2 quokkas
  2 ball pythons (D:2)
  2 frilled lizards
  5 kobolds
  A quokka skeleton (D:7)
  6 rats
  A spectral orc (D:2)
234 creatures vanquished.

Vanquished Creatures (collateral kills)
  A queen bee (D:8)
  An orc warrior (D:8)
  A phantom (D:7)
  A black bear (D:8)
  A sky beast (D:8)
  3 bullfrogs
  Dowan (D:4)
  4 killer bees
  A wight (D:9)
  A crimson imp (D:8)
  2 orc priests
  2 iguanas (D:9)
  A worker ant (D:8)
  A worker ant zombie (D:7)
  11 orcs
  A giant cockroach (D:4)
  A jackal (D:7)
  A quokka (D:7)
35 creatures vanquished.

Vanquished Creatures (others)
  6 plants (D:5)
6 creatures vanquished.

Grand Total: 275 creatures vanquished

Notes
Turn   | Place    | Note
-------+----------+-------------------------------------------
     0 | D:1      | Folque the Draconian Ice Elementalist began the quest for
                  | the Orb.
     0 | D:1      | Reached XP level 1. HP: 14/14 MP: 3/3
   344 | D:1      | Reached skill level 1 in Fighting
   344 | D:1      | Reached XP level 2. HP: 22/23 MP: 5/5
   351 | D:1      | Learned a level 2 spell: Throw Frost
  1137 | D:2      | Found a basalt altar of Yredelemnul.
  1198 | D:2      | Reached XP level 3. HP: 21/28 MP: 5/7
  1282 | D:2      | Reached skill level 3 in Spellcasting
  1465 | D:2      | Learned a level 3 spell: Ozocubu's Armour
  1785 | D:2      | Noticed a sky beast
  1820 | D:2      | Killed a sky beast
  1820 | D:2      | Reached skill level 4 in Spellcasting
  1820 | D:2      | Reached XP level 4. HP: 28/35 MP: 0/10
  1820 | D:2      | Reached XP level 5. HP: 33/40 MP: 0/11
  1829 | D:2      | Learned a level 4 spell: Summon Ice Beast
  1931 | D:2      | Found a faded altar of an unknown god.
  2019 | D:3      | Reached skill level 1 in Summonings
  2260 | D:3      | Reached XP level 6. HP: 37/47 MP: 4/12
  2983 | D:4      | Noticed Sigmund
  2992 | D:4      | Killed Sigmund
  2992 | D:4      | Reached skill level 5 in Ice Magic
  3089 | D:4      | Found a white marble altar of Elyvilon.
  3101 | D:4      | Your scales start taking on a pale cyan-grey colour.
  3101 | D:4      | Reached XP level 7. HP: 49/52 MP: 0/13
  3354 | D:4      | Found a runed translucent door.
  3355 | D:4      | Noticed Crazy Yiuf
  3437 | D:4      | Reached skill level 5 in Summonings
  3561 | D:4      | Noticed Duvessa
  3584 | D:4      | Noticed Dowan
  3597 | D:4      | Killed Duvessa
  3766 | D:4      | Killed Dowan
  3918 | D:4      | Reached XP level 8. HP: 38/59 MP: 5/14
  3988 | D:4      | Found a sacrificial altar of Ru.
  4142 | D:4      | Killed Crazy Yiuf
  4197 | D:5      | Entered Level 5 of the Dungeon
  4291 | D:5      | Found Wumoez's Weapon Shop.
  4399 | D:5      | Found a transporter.
  4505 | D:5      | Found a transporter.
  4517 | D:5      | Noticed Hycrow's ghost (amateur MiBe)
  4789 | D:5      | Found an opulent altar of Gozag.
  4908 | D:5      | Found a glowing golden altar of the Shining One.
  5151 | D:6      | Learned a level 4 spell: Throw Icicle
  5514 | D:6      | Found a staircase to the Ecumenical Temple.
  5536 | Temple   | Entered the Ecumenical Temple
  6068 | Temple   | Became a worshipper of Vehumet
  6134 | D:7      | Noticed Prince Ribbit
  6315 | D:6      | Reached XP level 9. HP: 40/64 MP: 11/15
  6365 | D:7      | Found the brooch of Shielding {Reflect SH+8}
  6511 | D:6      | Reached skill level 5 in Conjurations
  6628 | D:7      | Found the ring of the Octopus King
  6635 | D:7      | Got a ring of the Octopus King
  6765 | D:6      | Killed Prince Ribbit
  6859 | D:7      | Reached * piety under Vehumet
  6859 | D:7      | Offered knowledge of Shock by Vehumet.
  6866 | D:7      | Reached skill level 5 in Dodging
  7246 | D:7      | Found a hazy altar of Hepliaklqana.
  7617 | D:7      | Reached skill level 5 in Spellcasting
  7869 | D:8      | Found a sacrificial altar of Ru.
  7903 | D:8      | Noticed a two-headed ogre
  7909 | D:8      | Reached skill level 6 in Spellcasting
  8121 | D:7      | Learned a level 5 spell: Fireball
  8361 | D:8      | Reached skill level 1 in Fire Magic
  8363 | D:8      | Offered knowledge of Sandblast by Vehumet.
  8373 | D:8      | Reached ** piety under Vehumet
  8432 | D:8      | Reached XP level 10. HP: 39/71 MP: 0/19
  9131 | D:8      | Learned a level 3 spell: Conjure Flame
  9137 | D:8      | Found Giarphid's Food Boutique.
  9680 | D:9      | Found a staircase to the Lair.
  9680 | D:9      | Noticed a death yak
  9680 | D:9      | Noticed a death yak
  9683 | D:9      | Noticed a death yak
  9711 | D:9      | Found a shadowy altar of Dithmenos.
  9795 | D:9      | Reached skill level 5 in Fire Magic
  9812 | D:9      | Offered knowledge of Mephitic Cloud by Vehumet.
  9887 | D:9      | Found a sparkling altar of Nemelex Xobeh.
  9915 | D:9      | Reached skill level 7 in Spellcasting
 10058 | D:9      | Found a radiant altar of Vehumet.
 10400 | D:9      | You fall through a shaft for 3 floors!
 10445 | D:12     | Noticed a purple ugly thing
 10454 | D:12     | Killed a purple ugly thing
 10812 | D:12     | Noticed a five-headed hydra
 10821 | D:12     | Killed a five-headed hydra
 10821 | D:12     | Reached skill level 8 in Spellcasting
 11079 | D:12     | Reached *** piety under Vehumet
 11384 | D:12     | Noticed a skeletal warrior
 11384 | D:12     | Noticed a skeletal warrior
 11406 | D:12     | Slain by a skeletal warrior

Skill      XL: |  1  2  3  4  5  6  7  8  9 10 |
---------------+-------------------------------+-----
Fighting       | 1 |  1.0
Spellcasting   | 4 6 8 |  8.1
Ice Magic      | 4 5 6 7 |  7.1
Summonings     | 2 4 5 6 |  6.0
Dodging        | 2 4 6 |  6.2
Conjurations   | 4 6 |  6.1
Fire Magic     | 1 7 |  7.8
Stealth        | |  1.7

Action                   |  1- 3 |  4- 6 |  7- 9 | 10-12 || total
-------------------------+-------+-------+-------+-------++-------
Melee: Short sword       |   113 |       |       |       ||   113
       Tailslap          |     4 |    12 |    25 |     6 ||    47
       Unarmed           |     1 |       |       |       ||     1
       Dagger            |    11 |   128 |   317 |    60 ||   516
 Cast: Freeze            |    19 |    16 |   138 |    71 ||   244
       Throw Frost       |     5 |     8 |    49 |    17 ||    79
       Ozocubu's Armour  |       |     7 |    33 |    11 ||    51
       Summon Ice Beast  |       |     2 |    15 |    15 ||    32
       Throw Icicle      |       |       |    11 |    13 ||    24
       Conjure Flame     |       |       |       |     5 ||     5
       Fireball          |       |       |       |     4 ||     4
 Abil: Breathe Steam     |       |       |     2 |     1 ||     3
Evoke: Wand              |       |       |       |     1 ||     1
  Use: Scroll            |       |       |    13 |     3 ||    16
       Potion            |       |       |     3 |     1 ||     4
 Stab: Sleeping          |     3 |     4 |     4 |       ||    11
       Distracted        |       |     1 |       |     1 ||     2
       Paralysed         |       |       |     1 |     2 ||     3
  Eat: Chunk             |     2 |     7 |    20 |    13 ||    42
       Ration            |       |       |     2 |     1 ||     3
Armor: Skin              |    52 |    53 |   218 |    35 ||   358
Dodge: Dodged            |   125 |   100 |   422 |   147 ||   794
